 Dungeon Crawl Stone Soup version 0.19-a0-288-g67c72eb (webtiles) character file.

21 IcyTea the Chopper (level 2, -4/24 HPs)
             Began as a Draconian Warper on May 27, 2016.
             Killed from afar by a white imp (9 damage)
             ... with a puff of frost
             ... summoned by Natasha
             ... on level 2 of the Dungeon.
             The game lasted 00:06:43 (1123 turns).

IcyTea the Chopper (Draconian Warper)               Turns: 1123, Time: 00:06:44

Health: -4/24      AC:  4    Str: 13    XL:     2   Next: 62%
Magic:  1/5        EV: 17    Int: 13    God:
Gold:   61         SH:  0    Dex: 15    Spells: 3 memorised, 0 levels left

rFire  . . .     SeeInvis +     a - +1 hand axe
rCold  . . .     Gourm    .     (armour unavailable)
rNeg   . . .     Faith    .     (no shield)
rPois  .         Spirit   .     (helmet restricted)
rElec  .         Dismiss  .     (no cloak)
rCorr  .         Reflect  .     (no gloves)
SustAt .         Harm     .     (no boots)
MR     .....                    (no amulet)
Stlth  ++........               h - ring of see invisible (curse)
                                m - ring of flight

@: agile, about to teleport, shrouded, very slightly contaminated, not resistant
to hostile enchantments, unstealthy
A: unfitting armour, cold-blooded, AC +4
a: Evoke Flight


You were on level 2 of the Dungeon.
You were not hungry.

You visited 1 branch of the dungeon, and saw 2 of its levels.

You collected 61 gold pieces.

Inventory:

Hand Weapons
 a - a +1 hand axe (weapon)
Missiles
 d - 5 tomahawks of dispersal (quivered)
 j - a throwing net
Jewellery
 h - a cursed ring of see invisible (right hand)
 m - a ring of flight (left hand)
Scrolls
 c - a scroll of blinking
 e - a scroll of teleportation
 g - a scroll of identify {unknown}
 p - a scroll of enchant weapon
 q - a scroll of enchant armour {unknown}
Books
 b - a book of Spatial Translocations

   Spells                             Type                      Level
   a - Apportation                    Translocation                1
   b - Blink                          Translocation                2
   c - Shroud of Golubria             Charms/Translocation         2
   d - Portal Projectile              Translocation                3
   e - Teleport Other                 Translocation                3
   f - Passage of Golubria            Translocation                4
Comestibles
 f - a bread ration
 i - a royal jelly
 n - a chunk of flesh


   Skills:
 - Level 2.1 Fighting
 + Level 3.2 Axes
 - Level 0.8 Throwing
 - Level 2.1 Dodging
 - Level 2.0 Spellcasting
 - Level 3.0 Translocations


You couldn't memorise any spells.
You knew the following spells:

 Your Spells              Type           Power        Failure   Level  Hunger
a - Apportation           Tloc           #.........   10%         1    ##.....
b - Blink                 Tloc           N/A          12%         2    ###....
c - Shroud of Golubria    Chrm/Tloc      #.........   21%         2    ###....


Dungeon Overview and Level Annotations

Branches:
Dungeon (2/15)

Altars:

Annotations:
D:2 Natasha


Innate Abilities, Weirdness & Mutations

Your plain brown scales are hard (AC +4).
Your body does not fit into most forms of armour.
You are cold-blooded and may be slowed by cold attacks.


Message History

Natasha howls an incantation.
Natasha glows brightly for a moment.
Natasha barely misses you. The white imp misses you.
The crimson imp hits you but does no damage.
Unknown command.
Read which item? (? for menu, Esc to quit)
Okay, then.
As you read the scroll of teleportation, it crumbles to dust.
You feel strangely unstable.
Natasha mumbles some strange words.
Natasha's fingertips start to glow.
Natasha barely misses you. The white imp misses you.
The crimson imp closely misses you.
You hit Natasha but do no damage.
Natasha is heavily wounded.
You barely miss the crimson imp. You hit the white imp but do no damage.
Natasha misses you. The white imp gestures at you. The puff of frost hits you!
You die...

###### #....# #....#
#....# #####....#
.......5.# #.h@.# #(.5.#
#..### ##.## #..# ####
##.## ..# #..# #.# ##.##
.###.############..#####


You could see Natasha, a crimson imp and a white imp.

Vanquished Creatures
  A dart slug (D:2)
  A giant cockroach (D:2)
  3 goblins
  3 hobgoblins (D:1)
  2 ball pythons (D:1)
  A bat (D:1)
  3 giant newts (D:1)
  A kobold (D:1)
  5 rats
20 creatures vanquished.

Notes
Turn   | Place    | Note
--------------------------------------------------------------
     0 | D:1      | IcyTea the Draconian Warper began the quest for the Orb.
     0 | D:1      | Reached XP level 1. HP: 17/17 MP: 3/3
   445 | D:1      | Reached XP level 2. HP: 24/24 MP: 5/5
   449 | D:1      | Learned a level 2 spell: Blink
   452 | D:1      | Learned a level 2 spell: Shroud of Golubria
  1105 | D:2      | Noticed Natasha
  1119 | D:2      | Noticed a crimson imp
  1123 | D:2      | Killed from afar by a white imp

Vault maps used:
D:1:      dpeg_arrival_long_road, serial_bayou_pond_e
D:2:      first_bread, uniq_natasha

Skill      XL: |  1  2 |
---------------+-------+-----
Axes           | 3 |  3.2
Fighting       | |  2.1
Throwing       | |  0.8
Dodging        | |  2.1
Spellcasting   | |  2.0
Translocations | |  3.0

Action                   || total
-------------------------++-------
Melee: Hand axe          ||    66
       Tailslap          ||     6
 Cast: Apportation       ||     1
       Shroud of Golubri ||     1
  Use: Scroll            ||     5
       Potion            ||     5
  Eat: Chunk             ||     1
Armor: Skin              ||    16
Dodge: Dodged            ||    43
